 Dungeon Crawl Stone Soup version 0.29-a0-409-gd843f3a48c (webtiles) character file.

Game seed: 14142763464729102513

2 bwicke the Changer (level 1, -2/9 HPs)
             Began as a Spriggan Transmuter on May 15, 2022.
             Slain by a hobgoblin (5 damage)
             ... on level 1 of the Dungeon.
             The game lasted 00:00:25 (34 turns).

bwicke the Changer (Spriggan Transmuter)              Turns: 34, Time: 00:00:25

Health: -2/9       AC:  2    Str:  6    XL:     1   Next: 33%
Magic:  4/5        EV: 17    Int: 14    God:
Gold:   0          SH:  0    Dex: 15    Spells: 4/5 levels left

rFire   . . .      SeeInvis +     - Unarmed
rCold   . . .      Faith    .   (no shield)
rNeg    . . .      Spirit   .   a - +0 robe
rPois   .          Reflect  .   (helmet currently unavailable)
rElec   .          Harm     .   (no cloak)
rCorr   .          Rampage  .   (gloves unavailable)
Will    .....                   (boots unavailable)
Stlth   +.........              (no amulet)
HPRegen 0.03/turn               (no ring)
MPRegen 0.09/turn               (no ring)

@: appendages (expiring), very quick
A: horns 2, talons 2, very small, no large weapons, unfitting armour, see
invisible, speed 3
a: End Transformation


You were on level 1 of the Dungeon.
You had temporarily grown beastly horns and talons.
You visited 1 branch of the dungeon, and saw 1 of its levels.

Inventory:

Armour
 a - a +0 robe (worn)
Potions
 b - a potion of lignification


   Skills:
 - Level 0.7 Fighting
 - Level 2.6 Dodging
 - Level 2.4 Unarmed Combat
 - Level 2.6 Spellcasting
 + Level 3.1 Transmutations


You had 4 spell levels left.
You knew the following spells:

 Your Spells              Type           Power      Damage    Failure   Level
a - Beastly Appendage     Tmut           20%        N/A       6%          1

Your spell library contained the following spells:

 Spells                   Type           Power      Damage    Failure   Level
 Wereblood                Tmut           10%        N/A       10%         2
 Spider Form              Tmut/Pois      6%         N/A       34%         3
 Ice Form                 Ice/Tmut       6%         N/A       75%         4


Dungeon Overview and Level Annotations

Branches:
Dungeon (1/15)

Altars:


Innate Abilities, Weirdness & Mutations

You have temporarily grown beastly horns and talons.
You are very small and have problems with some larger weapons.
You are too small for most types of armour.
You have supernaturally acute eyesight. (SInv)
You cover ground extremely quickly. (Speed+++)


Message History

You grow a pair of large bovine horns.
Your feet morph into talons.
You hit the giant cockroach but do no damage.
The giant cockroach closely misses you.
You hit the giant cockroach. You claw the giant cockroach.
You kill the giant cockroach!
Your transformation is almost over.
Magic restored.
An endoplasm comes into view.
Found 3 atropa-tipped darts.
A hobgoblin comes into view.
Your horns disappear.
Your talons disappear.
The hobgoblin shouts!
The endoplasm quivers.
Casting: Beastly Appendage (safe; 7% risk of failure)
Press: ? - help, Q - select action Dir - look around, f - activate You grow a pair of large bovine horns.
Your feet morph into talons.
Your transformation is almost over.
A bat comes into view.
You hit the endoplasm but do no damage. You claw the endoplasm.
You headbutt the endoplasm.
The endoplasm is heavily wounded.
The endoplasm freezes you.
You are frozen.
You hit the endoplasm.
You kill the endoplasm!
The bat barely misses you.
Your Transmutations skill increases to level 3!
You closely miss the hobgoblin. The bat closely misses you.
The hobgoblin hits you.
You barely miss the hobgoblin. The bat misses you. The hobgoblin hits you.
You closely miss the hobgoblin. Your kick misses the hobgoblin.
Your headbutt misses the hobgoblin. The bat completely misses you.
The hobgoblin misses you.
You closely miss the hobgoblin. The bat closely misses you.
The hobgoblin barely misses you.
You closely miss the hobgoblin. You headbutt the hobgoblin.
The hobgoblin is lightly wounded.
The bat misses you. The hobgoblin hits you.
Ouch! That really hurt!
You die...

.....##'#.###
#.......#...#
###+#.......###+######
#+#.....#.........
###...#.........
#...#.........
+...#.........
###...#..g......
#.......@b......
#...............
#........##+#.##
..........#
...........#
...........#
######.(.### #...#


You could see a hobgoblin and a bat.

Vanquished Creatures
  An endoplasm (D:1)
  A giant cockroach (D:1)
2 creatures vanquished.

Notes
Turn   | Place    | Note
-------+----------+-------------------------------------------
     0 | D:1      | bwicke the Spriggan Transmuter began the quest for the Orb.
     0 | D:1      | Reached XP level 1. HP: 9/9 MP: 5/5
    30 | D:1      | Reached skill level 3 in Transmutations
    34 | D:1      | Slain by a hobgoblin

Illustrated notes

Levels and vault maps discovered:
D:1:      dpeg_arrival_short_road, layout_basic,
          dreamdust_ecumenical_altar_grove

Skill      XL: |  1 |
---------------+----+-----
Transmutations | 3 |  3.1
Fighting       | |  0.7
Dodging        | |  2.6
Unarmed Combat | |  2.4
Spellcasting   | |  2.6

Action                   || total
-------------------------++-------
Melee: Unarmed           ||     9
       Kick              ||     2
       Headbutt          ||     2
 Cast: Beastly Appendage ||     2
Dodge: Dodged            ||     9

Table legend: (Time is in decaauts)
 A = Elapsed time spent in this place.
 B = Non-inter-level travel time spent in this place.
 C = Inter-level travel time spent in this place.
 D = Time resting spent in this place.
 E = Time spent auto-exploring this place.
 F = Levels seen in this place.
 G = Mean time per level.
                   A        B        C        D        E       F      G
               +--------+--------+--------+--------+--------+-----+--------+
         Total |     27 |     27 |      0 |      0 |     13 |   1 |   27.0 |
       Dungeon |     27 |     27 |      0 |      0 |     13 |   1 |   27.0 |
               +--------+--------+--------+--------+--------+-----+--------+

Top non-repeatable levels by time:
     D:1: 27 daAuts
